[Event "*** Titled Tuesday Blitz"]
[Site "Chess.com"]
[Date "2019.02.05"]
[Round "6"]
[White "matiss90"]
[Black "SuperCheese"]
[Result "0-1"]
[WhiteElo "2467"]
[BlackElo "2582"]
[TimeControl "180+2"]
[EndTime "14:27:01 PST"]
[Termination "SuperCheese won by checkmate"]

1. e4 e5 2. Nf3 Nc6 3. Bb5 a6 4. Ba4 Nf6 5. d3 b5 6. Bb3 Be7 7. O-O d6 8. c3 O-O 9. Re1 h6 10. Nbd2 Bb7 11. Nf1 Re8 12. Ne3 Bf8 13. Nf5 d5 14.
Qe2 Na5 15. Bc2 dxe4 16. dxe4 Nc4 17. N3h4 Nd6 18. Nxd6 Qxd6 19. Nf5 Qe6 20. Qf3 c5 21. g4 g6 22. Qg3 Kh7 23. Bxh6 Bxh6 24. Nxh6 Kxh6 25.
g5+ Kg7 26. gxf6+ Qxf6 27. Re3 Qf4 28. Rd1 Rad8 29. Ree1 a5 30. a4 b4 31. Qxf4 exf4 32.
f3 Kf6 33. cxb4 cxb4 34. Bb3 Ke7 35. Bc4 Bc6 36. b3 f6 37. Kg2 Rxd1 38. Rxd1 Rd8 39.
Rxd8 Kxd8 40. Kf2 Kc7 41. h4 Be8 42. Ke2 Kd6 43. Kd3 Ke5 44. Bb5 Bf7 45. Bc4 Be8 46. Bd5 g5 47. hxg5 fxg5 48. Bc4 Bc6 49. Ke2 Bd7 50. Bd3 Be6 51. Bc2 Kd4 52. Kd2 Bd7 53. Bd1 Be6 54. Bc2 Bf7 55. Bd1 Bh5 56. Be2 Bf7 57. Bd1 Be6 58. Bc2 Bc8 59. Bd1 Bd7 60. Bc2 Be6 61. Bd1 Bc8 62. Be2 Be6 63. Bd1 Bd7 64.
Be2 Be8 65. Bd1 Bf7 66. Bc2 Be6 67. Bd1 Bc8 68. Be2 Ke5 69. Bd1 Be6 70. Kd3 Bf7 71. Bc2 Bg8 72. Bd1 Be6 73. Bc2 g4 74. fxg4 Bxg4 75.
Kc4 Be2+ 76. Kc5 f3 77. Kb6 f2 78. Kxa5 f1=Q 79. Kxb4 Qe1+ 80. Ka3 Qc3 81. Bb1 Bd1 82. Ba2 Kd4 83. e5 Kc5 84. e6 Qc1# 0-1

[Event "*** Titled Tuesday Blitz"]
[Site "Chess.com"]
[Date "2019.02.05"]
[Round "6"]
[White "GrandGlacier"]
[Black "evgenysharapov"]
[Result "0-1"]
[WhiteElo "2184"]
[BlackElo "2331"]
[TimeControl "180+2"]
[EndTime "14:27:04 PST"]
[Termination "evgenysharapov won by resignation"]

1. e4 c5 2. Nf3 d6 3. d4 cxd4 4. Nxd4 Nf6 5. Nc3 Nc6 6. Bg5 Qb6 7.
Bxf6 gxf6 8. Nb3 f5 9. Bd3 fxe4 10. Bxe4 Bg7 11. Nd5 Qd8 12. c3 O-O 13. Qh5 f5 14.
Bd3 e6 15. Nf4 Ne5 16. O-O-O Qf6 17. Kb1 Ng6 18. g3 Qf7 19. Qe2 d5 20. h4 Bd7 21.
h5 Nxf4 22. gxf4 Kh8 23. h6 Bf6 24. Nd4 Rg8 25. Nf3 Rg6 26. Ne5 Bxe5 27. Qxe5+ Qf6 28.
Qc7 Bc6 29. Rh2 Rag8 30. Kc2 Rxh6 31. Rdh1 Rxh2 32. Rxh2 Qg7 33. Qd6 Re8 34. Rh3 Qf6 35. Qc7 Qg7 36. Qd6 d4 37. Qxd4 Qxd4 38. cxd4 Bd5 39. b3 Kg7 40. Rg3+ Kf6 41. Rh3 Rh8 42. Bc4 h5 43. Bxd5 exd5 44. Rh4 Kg6 45. Kd3 Re8 46. Rh1 Re4 47. Rh4 Re1 48. Rh3 Rd1+ 49. Ke3 Ra1 50. a4 Rb1 51. Ke2 Rb2+ 52. Ke1 Rb1+ 53. Ke2 a5 54. Rg3+ Kf6 55. Rh3 Kg6 56.
Rg3+ Kh6 57. Rh3 b6 58. Rg3 h4 59. Rg5 Rxb3 60. Rxf5 h3 61. Rf8 Rb4 62. Ke3 Rxa4 63.
Rf6+ Kg7 64. Rxb6 h2 65. Rb1 Ra3+ 66. Ke2 Rh3 67. Rh1 a4 68. f3 Kf6 69. Kf2 Kf5 70. Kg2 Rh7 71. Ra1 h1=Q+ 72. Rxh1 Rxh1 73. Kxh1 a3 0-1

[Event "*** Titled Tuesday Blitz"]
[Site "Chess.com"]
[Date "2019.02.05"]
[Round "6"]
[White "Sosat98"]
[Black "Konavets"]
[Result "1-0"]
[WhiteElo "2611"]
[BlackElo "2812"]
[TimeControl "180+2"]
[EndTime "14:27:47 PST"]
[Termination "Sosat98 won by resignation"]

1. e4 d6 2. d4 Nf6 3. Nc3 Nc6 4. Nf3 g6 5. Be2 Bg7 6. O-O O-O 7. Be3 Ng4 8. Bg5 h6 9. Bh4 g5 10. Bg3 Nf6 11.
d5 Nb8 12. Nd4 c5 13. dxc6 Nxc6 14. Nxc6 bxc6 15. e5 dxe5 16. Bxe5 Bf5 17. Qxd8 Rfxd8 18. Bf3 Rac8 19. Rad1 Bxc2 20. Rxd8+ Rxd8 21. Bxc6 Ng4 22. Bg3 Ne5 23. Bd5 Nd3 24. Be4 e6 25. Bc7 Rc8 26. Ba5 Nxb2 27. Bxc2 Bxc3 28. Rb1 Nc4 29. Bxc3 Na3 30.
Rc1 Nxc2 31. Rxc2 Kh7 32. f3 Kg6 33. Kf2 e5 34. Ke3 f6 35. Kd3 h5 36. Rb2 h4 37.
Rb7 Rd8+ 38. Ke3 Rc8 39. Bd2 a6 40. Ra7 Rc6 41. a4 Kf5 42. a5 g4 43. fxg4+ Kxg4 44. Ke4 Rc4+ 45. Kd3 Rd4+ 46. Ke3 Rd6 47. h3+ Kg3 48.
Rg7+ Kh2 49. Be1 Rd4 50. Rg6 f5 51. Rg5 Re4+ 52. Kf2 f4 53. Bc3 f3 54. gxf3 Rf4 55. Bxe5 Kxh3 56. Rh5 Rxf3+ 57. Ke2 Ra3 58. Bf6 Kg3 59.
Bxh4+ Kg4 60. Rh6 Rxa5 61. Be1 Ra2+ 62. Bd2 Kf5 63. Kd3 Ke5 64. Bc3+ Kd5 65. Rh5+ Kc6 66. Kc4 Ra4+ 67. Kb3 Rg4 68. Bb4 Rg1 69. Rh6+ Kb5 70. Rh5+ Kc6 71. Ka4 Ra1+ 72. Ba3 Rb1 73. Rh6+ Kb7 74.
Bc5 Ra1+ 75. Kb4 Rb1+ 76. Kc4 Rc1+ 77. Kd5 Rd1+ 78. Bd4 Rc1 79. Rb6+ Kc8 80. Be5 a5 81. Ke6 Kd8 82. Ra6 Kc8 83. Rb6 Kd8 84. Rb8+ Rc8 85.
Rb5 Ra8 86. Bd6 a4 87. Rh5 Kc8 88. Ba3 Ra6+ 89. Ke7 Ra7+ 90. Kd6 Ra6+ 91. Kd5 Ra5+ 92. Bc5 a3 93. Kc6 Ra6+ 94. Bb6 1-0

[Event "*** Titled Tuesday Blitz"]
[Site "Chess.com"]
[Date "2019.02.05"]
[Round "6"]
[White "iturrizaga"]
[Black "GadimbayliA"]
[Result "0-1"]
[WhiteElo "2791"]
[BlackElo "2813"]
[TimeControl "180+2"]
[EndTime "14:28:41 PST"]
[Termination "GadimbayliA won by resignation"]

1. Nf3 Nf6 2. c4 Nc6 3. g3 e6 4. Bg2 d5 5. b3 Be7 6. O-O O-O 7. Bb2 b6 8. Nc3 Bb7 9. cxd5 exd5 10. Rc1 Ne4 11.
Qc2 Nxc3 12. Bxc3 d4 13. Bb2 Bf6 14. d3 Re8 15. a3 Re7 16. b4 a5 17. Nd2 axb4 18.
Bxc6 Bxc6 19. Qxc6 Rxe2 20. Nc4 bxa3 21. Bxa3 Re6 22.
Qb5 g6 23. Rfe1 Qc8 24. Bb2 Kg7 25. Qd5 c6 26. Qf3 Ra6 27. Nd2 c5 28. Ne4 Qc6 29. Kg2 Ra2 30. Re2 Qd5 31. Rce1 Be7 32. h4 h6 33. h5 gxh5 34. Rh1 Re5 35. Bc1 Rxe2 36. Qxe2 h4 37. Qg4+ Kh7 38. Bf4 Rxe4 39. dxe4 Qxe4+ 40. Qf3 Qg6 41. Qb7 Bf6 42. Ra1 c4 43. Qd5 c3 44.
Ra7 Kg7 45. Rc7 hxg3 46. Bxg3 d3 47. Rc6 c2 48. Rxf6 Qxf6 49. Be5 c1=Q 50. Bxf6+ Kxf6 51. Qxd3 Qg5+ 52. Kf1 Qc5 53. Qh7 Qc1+ 54. Kg2 b5 55. Qh8+ Kg6 56. Qg8+ Kf6 57. Qh8+ Kg5 58. Qe5+ Kh4 59.
Qh2+ Kg4 60. Qh3+ Kg5 61. Qg3+ Kh5 62. Qf3+ Kg6 63. Qd3+ Kg7 64. Qd4+ Kg8 65. Qd8+ Kh7 66. Qd3+ Kg7 67. Qd4+ f6 68. Qd7+ Kf8 69. Qd8+ Kf7 70. Qd7+ Kg6 71. Qd3+ Kh5 72. Qh3+ Kg5 73. Qg3+ Kf5 74.
Qd3+ Ke6 75. Qe4+ Kd6 76. Qd4+ Kc7 77. Qa7+ Kc8 78. Qa8+ Kc7 79. Qa7+ Kd6 80. Qb8+ Ke7 81. Qb7+ Kf8 82. Qb6 Qg5+ 83. Kf1 h5 84. Qd8+ Kg7 85. Qd7+ Kh6 86. Qe8 h4 87. Qh8+ Kg6 88. Qe8+ Kg7 89. Qe7+ Kh6 90. Qf8+ Kh5 91. Qe8+ Kg4 92. Qe2+ Kh3 93.
Qe6+ Kh2 94. Qd6+ Qe5 95. Qd3 Qa1+ 96. Ke2 Qb2+ 97. Kf3 b4 98. Qe4 Qc3+ 99. Ke2 Qe5 0-1

[Event "*** Titled Tuesday Blitz"]
[Site "Chess.com"]
[Date "2019.02.05"]
[Round "6"]
[White "varacalli"]
[Black "playerorkinyo"]
[Result "0-1"]
[WhiteElo "2417"]
[BlackElo "2350"]
[TimeControl "180+2"]
[EndTime "14:29:03 PST"]
[Termination "playerorkinyo won by checkmate"]

1. e4 c6 2. d4 d5 3. Nd2 dxe4 4. Nxe4 Bf5 5. Ng3 Bg6 6. h4 h6 7. Nh3 e5 8. dxe5 Qa5+ 9. Bd2 Qxe5+ 10. Be2 Nf6 11. O-O Be7 12. Re1 O-O 13. Bg4 Qd6 14. Bf4 Qxd1 15. Raxd1 Bc5 16. Bf5 Bxf5 17. Nxf5 Nbd7 18.
g4 Rfe8 19. g5 hxg5 20. Nxg5 Nd5 21. Bd6 Bb6 22. c4 N5f6 23. Ne7+ Rxe7 24. Bxe7 a5 25. Bxf6 Nxf6 26. Re7 Ng4 27. Rxb7 Bxf2+ 28. Kh1 Bxh4 29. Nh3 Re8 30. Rdd7 Re1+ 31. Kg2 Ne5 32. Re7 Re2+ 33. Kf1 Re1+ 34. Kg2 Bxe7 35. Rxe7 f6 36.
Rb7 Nxc4 37. Nf4 Ra1 38. Nh5 Rxa2 39. Rxg7+ Kf8 40. Rc7 Rxb2+ 41. Kg3 Ne5 42. Nxf6 a4 43. Kf4 Ng6+ 44. Kg5 Rg2+ 45. Kf5 Ne7+ 46. Ke6 Re2+ 47. Kd7 Kf7 48. Ne8 Rd2+ 49. Nd6+ Kf6 50. Ra7 Nf5 51. Kxc6 Rxd6+ 52. Kb5 Nd4+ 53. Kxa4 Rb6 54. Ka5 Rb1 55. Ra6+ Ke5 56. Rb6 Ra1+ 57. Kb4 Kd5 58. Rh6 Rb1+ 59.
Kc3 Rb3+ 60. Kd2 Kc4 61. Rh8 Rd3+ 62. Ke1 Ra3 63. Kd2 Rg3 64. Rc8+ Kd5 65. Rd8+ Ke5 66. Re8+ Ne6 67. Ke2 Kf5 68. Ra8 Nd4+ 69. Kd2 Nb3+ 70. Ke2 Nc5 71. Ra5 Rc3 72. Ra8 Ke5 73. Re8+ Ne6 74.
Ra8 Nd4+ 75. Kd2 Rh3 76. Re8+ Kd5 77. Rd8+ Kc4 78. Rc8+ Kb4 79. Rb8+ Ka3 80. Rb7 Nb3+ 81. Ke2 Kb2 82. Rb8 Rc3 83. Rb7 Kc2 84. Rb8 Nd4+ 85.
Kf2 Kd2 86. Rd8 Rd3 87. Rd7 Kd1 88. Rd8 Rd2+ 89. Kf1 Kc1 90. Rd7 Kc2 91. Rd8 Kd3 92. Re8 Ra2 93. Re7 Nf5 94. Re8 Ne3+ 95. Kg1 Ke2 96. Rf8 Ra7 97. Rf2+ Ke1 98. Rf8 Rg7+ 99. Kh2 Ke2 100. Kh3 Nd5 101. Kh4 Ke3 102. Kh5 Ke4 103. Ra8 Kf5 104. Kh4 Nf6 105. Ra5+ Kf4 106. Kh3 Rg3+ 107. Kh2 Ng4+ 108. Kh1 Nf2+ 109. Kh2 Ng4+ 110. Kh1 Rb3 111. Ra8 Kg3 112. Ra1 Rb2 113. Kg1 Nh2 114. Ra3+ Nf3+ 115. Kf1 Rf2# 0-1

[Event "*** Titled Tuesday Blitz"]
[Site "Chess.com"]
[Date "2019.02.05"]
[Round "6"]
[White "kuli4ik"]
[Black "Ali_rastbod"]
[Result "1/2-1/2"]
[WhiteElo "2846"]
[BlackElo "2658"]
[TimeControl "180+2"]
[EndTime "14:31:11 PST"]
[Termination "Game drawn by repetition"]

1. d4 Nf6 2. Bg5 Ne4 3. Bf4 d5 4. Nd2 Bf5 5. Ngf3 e6 6. e3 Bd6 7. Bxd6 Qxd6 8. Be2 O-O 9. O-O c5 10. c4 Nc6 11. cxd5 Qxd5 12. Nxe4 Bxe4 13. dxc5 Qxc5 14. Qa4 Bg6 15. Rac1 Qb6 16. Qb5 Rfd8 17. a3 Qxb5 18. Bxb5 Bd3 19. Bxd3 Rxd3 20. Rfd1 Rad8 21. Rxd3 Rxd3 22.
Kf1 Kf8 23. Ke2 Rb3 24. Rc2 Ke7 25. Nd2 Rb5 26. b3 f5 27. h3 h6 28. g4 Ra5 29.
a4 Rd5 30. Rc3 g5 31. Nf3 Kd6 32. Nd2 Ke7 33. Rc4 a6 34. Rc3 Rd8 35. Nc4 Kf6 36. Nb2 Rd5 37. Nd3 a5 38. Nc5 Nd8 39. e4 Rd4 40. f3 b6 41. Ke3 bxc5 42. Rxc5 Rb4 43.
exf5 Rxb3+ 44. Kf2 exf5 45. Rxf5+ Ke6 46. Rxa5 Nf7 47.
Ra6+ Nd6 48. a5 Ke5 49. Ra8 Ra3 50. a6 Nb5 51. Re8+ Kf6 52. Ra8 Nc7 53. Rc8 Nxa6 54. Ra8 Ra2+ 55. Kg3 Nb4 56. Rd8 Ra3 57. Rd4 Nd3 58. h4 Ne5 59. Rd6+ Kg7 60. hxg5 hxg5 61. Rd5 Nxf3 62. Kf2 Kg6 63. Rd6+ Kf7 64. Rd5 Ke6 65.
Rf5 Ne5 66. Rxg5 Rf3+ 67. Ke2 Ra3 68. Kf2 Kd5 69. Rg8 Ke4 70. g5 Rf3+ 71. Kg2 Rf4 72.
Kg3 Rg4+ 73. Kf2 Nd3+ 74. Ke2 Rg2+ 75. Kf1 Rf2+ 76. Kg1 Rf3 77. g6 Nf4 78. g7 Rg3+ 79.
Kf1 Kf3 80. Ke1 Rg2 81. Kd1 Kf2 82. Kd2 Kf3+ 83. Kc3 Rg6 84. Kc4 Kg4 85. Kb5 Nh5 86.
Kc4 Nxg7 87. Rf8 Nf5 88. Kd5 Kf4 89. Kc5 Rg1 90. Rf7 Rc1+ 91. Kd5 Rd1+ 92. Kc5 Ke5 93. Rf8 Rc1+ 94. Kb4 Nd6 95. Rh8 Rb1+ 96. Kc3 Ne4+ 97.
Kc4 Rc1+ 98. Kb4 Nf6 99. Kb3 Kd4 100. Kb2 Rc6 101. Rh6 Rb6+ 102. Kc2 Rc6+ 103. Kb2 Ke5 104. Kb3 Rc7 105. Rh1 Ne4 106. Rh5+ Kd4 107. Rh4 Rb7+ 108. Ka4 Rb8 109. Rg4 Kd5 110. Rh4 Nc5+ 111. Ka3 Rb3+ 112. Ka2 Rb6 113. Ka3 Ne4 114. Ka4 Rb8 115. Rg4 Nf6 116. Rh4 Nd7 117. Ka3 Ne5 118. Ka2 Nc4 119. Rh5+ Kd4 120. Rh4+ Kd3 121. Rh3+ Kd4 122. Rh4+ Kc3 123. Rh3+ Kd4 124. Rh4+ 1/2-1/2

[Event "*** Titled Tuesday Blitz"]
[Site "Chess.com"]
[Date "2019.02.05"]
[Round "7"]
[White "WorldChampionBulletChess"]
[Black "minnesotachessmaster"]
[Result "1-0"]
[WhiteElo "2104"]
[BlackElo "1963"]
[TimeControl "180+2"]
[EndTime "14:33:34 PST"]
[Termination "WorldChampionBulletChess won by resignation"]

1. d4 d5 2. c3 c6 3. Nf3 e6 4.
Bf4 f5 5. Bg3 Nf6 6. e3 Be7 7. Bd3 O-O 8. Nbd2 Ne4 9. Ne5 Nd7 10.
Nxd7 Bxd7 11. Nf3 Bf6 12. Ne5 Be8 13. Qc2 Nxg3 14. hxg3 Bxe5 15. dxe5 Qc7 16. f4 c5 17. g4 Bg6 18. gxf5 Bxf5 19. Bxf5 exf5 20. O-O-O Qc6 21. g4 g6 22. gxf5 Rxf5 23. Rdg1 d4 24. Qxf5 1-0

[Event "*** Titled Tuesday Blitz"]
[Site "Chess.com"]
[Date "2019.02.05"]
[Round "7"]
[White "sergeikim"]
[Black "HanSchut"]
[Result "1-0"]
[WhiteElo "2461"]
[BlackElo "2304"]
[TimeControl "180+2"]
[EndTime "14:34:30 PST"]
[Termination "sergeikim won by resignation"]

1. d4 Nf6 2. c4 g6 3. Nc3 d5 4. cxd5 Nxd5 5. e4 Nxc3 6. bxc3 Bg7 7. Bc4 c5 8. Ne2 Nc6 9. Be3 O-O 10. O-O Bg4 11.
f3 Na5 12. Bd3 cxd4 13. cxd4 Be6 14. Qd2 Nc4 15. Bxc4 Bxc4 16. Rfd1 e6 17. Ng3 b5 18.
Bh6 Qb6 19. Bxg7 Kxg7 20. Qg5 h6 21. Nh5+ Kh7 22. Nf6+ Kg7 23. Qe5 Qd8 24. Ne8+ 1-0

[Event "*** Titled Tuesday Blitz"]
[Site "Chess.com"]
[Date "2019.02.05"]
[Round "7"]
[White "SCIM"]
[Black "chenrip"]
[Result "1-0"]
[WhiteElo "2407"]
[BlackElo "2316"]
[TimeControl "180+2"]
[EndTime "14:34:34 PST"]
[Termination "SCIM won by checkmate"]

1. d4 d5 2. c4 e5 3. dxe5 d4 4. a3 Nc6 5. Nf3 Bg4 6. Bf4 Nge7 7. h3 Bxf3 8. exf3 Ng6 9. Bh2 a5 10. f4 Be7 11. Bd3 O-O 12. O-O Bc5 13. Nd2 b6 14. Re1 Qd7 15. f5 Nge7 16. f6 Ng6 17. fxg7 Rfe8 18. f4 Kxg7 19. Ne4 Be7 20. Qh5 Rg8 21. f5 Ngxe5 22. f6+ Bxf6 23. Nxf6 Kxf6 24. Bxe5+ Nxe5 25. Qxe5# 1-0

[Event "*** Titled Tuesday Blitz"]
[Site "Chess.com"]
[Date "2019.02.05"]
[Round "7"]
[White "Iyael"]
[Black "in_shambles"]
[Result "1-0"]
[WhiteElo "1995"]
[BlackElo "1990"]
[TimeControl "180+2"]
[EndTime "14:35:31 PST"]
[Termination "Iyael won by resignation"]

1. e4 c5 2. c3 Nf6 3. e5 Nd5 4. d4 cxd4 5. Nf3 Nc6 6. Bc4 Nb6 7. Bb3 d6 8. exd6 Qxd6 9. O-O g6 10. cxd4 Bg7 11.
Be3 O-O 12. Nc3 Rd8 13. Nb5 Qb8 14. Ng5 e6 15. Qf3 Rf8 16. Bf4 e5 17. dxe5 Bxe5 18. Bg3 Bxg3 19. fxg3 Ne5 20. Qf6 Bf5 21. Rxf5 gxf5 22.
Qh6 1-0

[Event "*** Titled Tuesday Blitz"]
[Site "Chess.com"]
[Date "2019.02.05"]
[Round "7"]
[White "Vuks91"]
[Black "TakeMyPieces97"]
[Result "1-0"]
[WhiteElo "2425"]
[BlackElo "2264"]
[TimeControl "180+2"]
[EndTime "14:35:36 PST"]
[Termination "Vuks91 won by resignation"]

1. e4 c6 2. d4 d5 3. Nc3 dxe4 4.
Nxe4 Nf6 5. Nxf6+ exf6 6. c3 Bd6 7. Bd3 Na6 8. Qe2+ Kf8 9. Bxa6 bxa6 10. Be3 h6 11.
Nf3 g6 12. Nd2 Kg7 13. Ne4 Be7 14. O-O Be6 15. Qxa6 Bd5 16. Qd3 f5 17. Nd2 Bf6 18. Bf4 Re8 19. Rfe1 Qd7 20. Be5 a5 21. Bxf6+ Kxf6 22.
c4 Be6 23. d5 cxd5 24. Qd4+ Ke7 25. cxd5 1-0

[Event "*** Titled Tuesday Blitz"]
[Site "Chess.com"]
[Date "2019.02.05"]
[Round "7"]
[White "SimonKnightRivendell"]
[Black "Tiqr777"]
[Result "0-1"]
[WhiteElo "2000"]
[BlackElo "2567"]
[TimeControl "180+2"]
[EndTime "14:35:42 PST"]
[Termination "Tiqr777 won by resignation"]

1. Nf3 g6 2. g3 Bg7 3. Bg2 c5 4. O-O Nc6 5. c4 d6 6. Nc3 Nf6 7. d3 a6 8. Bg5 Rb8 9. Qd2 O-O 10. Bh6 b5 11. Bxg7 Kxg7 12. b3 Bd7 13. a4 b4 14.
Nd1 e5 15. Ne3 Qc8 16. Rfd1 Nd4 17. Nxd4 cxd4 18. Nc2 a5 19. f4 Re8 20. e4 dxe3 21.
Nxe3 Qc5 22. d4 exd4 23. Qxd4 Rxe3 24. Rab1 Rbe8 25. Rb2 Re1+ 26. Kf2 0-1

[Event "*** Titled Tuesday Blitz"]
[Site "Chess.com"]
[Date "2019.02.05"]
[Round "7"]
[White "Astaneh"]
[Black "Bauxi435"]
[Result "1-0"]
[WhiteElo "2575"]
[BlackElo "2437"]
[TimeControl "180+2"]
[EndTime "14:35:50 PST"]
[Termination "Astaneh won by resignation"]

1. e4 c5 2. Nc3 e6 3. f4 d5 4. Bb5+ Bd7 5. Qe2 Bxb5 6. Qxb5+ Nd7 7. exd5 exd5 8. Nxd5 Bd6 9. Qxb7 Nh6 10. Qc6 Nf5 11.
Ne3 Qh4+ 12. g3 Nxg3 13. Nf3 Qh5 14. Qxa8+ Ke7 15. Qd5 Qh3 16. Ng5 Qh4 17. hxg3 Qxg3+ 18. Kd1 Bxf4 19. Qxf7+ Kd8 20. Qxf4 Qxf4 21. Ne6+ 1-0

[Event "*** Titled Tuesday Blitz"]
[Site "Chess.com"]
[Date "2019.02.05"]
[Round "7"]
[White "SergioGarciaFuentes"]
[Black "GHANDEEVAM2003"]
[Result "0-1"]
[WhiteElo "1998"]
[BlackElo "2837"]
[TimeControl "180+2"]
[EndTime "14:35:54 PST"]
[Termination "GHANDEEVAM2003 won by resignation"]

1. Nf3 Nf6 2. g3 g6 3. b3 Bg7 4. Bb2 O-O 5. Bg2 d6 6. d4 e5 7. dxe5 Nfd7 8. Nbd2 Nc6 9. Nc4 dxe5 10. Qd5 Re8 11.
O-O-O Qe7 12. Ba3 Nb4 13. Qd2 a5 14. c3 b5 15. Ne3 Nd3+ 16. Qxd3 Qxa3+ 17. Kb1 e4 18. Qd5 exf3 19. Qxa8 Bxc3 0-1

[Event "*** Titled Tuesday Blitz"]
[Site "Chess.com"]
[Date "2019.02.05"]
[Round "7"]
[White "NoGalloNoParty"]
[Black "Veiso"]
[Result "1-0"]
[WhiteElo "2329"]
[BlackElo "2373"]
[TimeControl "180+2"]
[EndTime "14:36:17 PST"]
[Termination "NoGalloNoParty won by resignation"]

1. d4 c5 2. d5 g6 3. Nc3 Bg7 4. Nf3 d6 5. e4 Nf6 6. Bb5+ Bd7 7.
a4 O-O 8. O-O Bxb5 9. axb5 Nbd7 10. Re1 Nb6 11. h3 Ne8 12. Bf4 Nc7 13. Qd3 Qd7 14. e5 c4 15. Qd4 Nxb5 16. Nxb5 Qxb5 17.
Rad1 Rad8 18. exd6 Bxd4 19. Nxd4 Qxd5 20. dxe7 Rfe8 21. exd8=Q Rxd8 22. Kh2 Qf5 23. Nxf5 1-0

[Event "*** Titled Tuesday Blitz"]
[Site "Chess.com"]
[Date "2019.02.05"]
[Round "7"]
[White "x-5963514717"]
[Black "xLuring1"]
[Result "1-0"]
[WhiteElo "2460"]
[BlackElo "2327"]
[TimeControl "180+2"]
[EndTime "14:36:27 PST"]
[Termination "x-5963514717 won by resignation"]

1. Nf3 Nf6 2. g3 g6 3. Bg2 Bg7 4. O-O O-O 5. d4 d6 6. b3 Nc6 7. Bb2 e5 8. dxe5 Ng4 9. c4 Ngxe5 10. Nxe5 Nxe5 11. Nc3 Re8 12. Qd2 Nc6 13. Nd5 Be5 14.
f4 Bg7 15. Bxg7 Kxg7 16. Qb2+ f6 17. f5 Bxf5 18. e4 Bd7 19. Nxf6 Re5 20. Rf2 Qe7 21.
Raf1 Rf8 22. Nxd7 Rxf2 23. Qxf2 Qxd7 1-0

[Event "*** Titled Tuesday Blitz"]
[Site "Chess.com"]
[Date "2019.02.05"]
[Round "7"]
[White "Mbneu"]
[Black "Entilza"]
[Result "1-0"]
[WhiteElo "2264"]
[BlackElo "2211"]
[TimeControl "180+2"]
[EndTime "14:36:34 PST"]
[Termination "Mbneu won by resignation"]

1. d4 Nf6 2. c4 e6 3. Nc3 Bb4 4. Bg5 c5 5. d5 h6 6. Bh4 d6 7. e3 Bxc3+ 8. bxc3 e5 9. Bd3 O-O 10.
Qc2 Nbd7 11. Nf3 Re8 12. Nd2 Nf8 13. O-O g5 14. Bg3 Kg7 15. f4 exf4 16. exf4 Ng4 17. fxg5 hxg5 18. Ne4 Ne3 19. Qd2 Nxf1 20. Rxf1 f6 21.
Nxd6 Re7 22. Bf5 Kg8 23. Bxc8 Rxc8 24. Nxc8 Qxc8 25. Rxf6 Qg4 26. d6 Re2 27. Qd5+ Ne6 28. d7 Kg7 29. Rxe6 Rxe6 30. d8=Q 1-0

[Event "*** Titled Tuesday Blitz"]
[Site "Chess.com"]
[Date "2019.02.05"]
[Round "7"]
[White "HindsightIs2700"]
[Black "Zufi1811"]
[Result "0-1"]
[WhiteElo "2254"]
[BlackElo "2359"]
[TimeControl "180+2"]
[EndTime "14:36:38 PST"]
[Termination "Zufi1811 won by resignation"]

1. e4 c5 2. Nf3 d6 3. d4 cxd4 4. Nxd4 Nf6 5. Nc3 a6 6. Be2 e5 7.
Nb3 Be7 8. Be3 Be6 9. Qd3 Nbd7 10. Nd5 Rc8 11. c4 Bxd5 12. exd5 a5 13. O-O O-O 14. f3 b6 15. Rac1 Nc5 16. Nxc5 bxc5 17. Qc2 Nh5 18. Qf5 g6 19. Qh3 Bg5 20. Bxg5 Qxg5 21. Rc2 Qe3+ 22.
Kh1 Nf4 23. Qh6 Nxg2 24. Qh3 Nf4 25. Qh6 Nxd5 26. Qh3 Nb4 0-1

[Event "*** Titled Tuesday Blitz"]
[Site "Chess.com"]
[Date "2019.02.05"]
[Round "7"]
[White "Lion_DL"]
[Black "andy_rekt"]
[Result "1-0"]
[WhiteElo "2404"]
[BlackElo "2176"]
[TimeControl "180+2"]
[EndTime "14:36:41 PST"]
[Termination "Lion_DL won by resignation"]

1. e4 c5 2. Nf3 Nc6 3. Bb5 g6 4.
O-O Bg7 5. c3 d5 6. Qa4 Bd7 7. exd5 a6 8. dxc6 axb5 9. cxd7+ Kf8 10. Qxb5 b6 11. d4 cxd4 12. cxd4 Ra7 13. Nc3 Rxd7 14.
Bf4 Nh6 15. Be5 f6 16. Bf4 Nf5 17. d5 h5 18. Rad1 h4 19. h3 Rh5 20. Rfe1 Nd6 21. Qd3 g5 22. Bxd6 Rxd6 23. Nd4 f5 24. Ne6+ Rxe6 25. Rxe6 g4 26. hxg4 fxg4 27. d6 exd6 28.
Rxd6 Qg5 29. Rd8+ Kf7 30. Ne4 Qe5 31. Nd6+ Ke7 32. Re8+ 1-0

[Event "*** Titled Tuesday Blitz"]
[Site "Chess.com"]
[Date "2019.02.05"]
[Round "7"]
[White "evgenysharapov"]
[Black "BasilSmash"]
[Result "1-0"]
[WhiteElo "2340"]
[BlackElo "2350"]
[TimeControl "180+2"]
[EndTime "14:36:44 PST"]
[Termination "evgenysharapov won by resignation"]

1. e4 c6 2. d4 d5 3. Nc3 dxe4 4.
Nxe4 Bf5 5. Ng3 Bg6 6. h4 h6 7. Nf3 e6 8. h5 Bh7 9. Bd3 Bxd3 10. Qxd3 Nf6 11. Bd2 Be7 12. O-O-O O-O 13. Nf1 c5 14. g4 Nxg4 15. Qe2 Nc6 16. Rg1 f5 17. Qxe6+ Kh8 18. Ne5 Ncxe5 19. dxe5 Nxf2 20. Rxg7 Bg5 21. Qg6 Bxd2+ 22. Rxd2 1-0

[Event "*** Titled Tuesday Blitz"]
[Site "Chess.com"]
[Date "2019.02.05"]
[Round "7"]
[White "DanielMieles1985"]
[Black "Anar_Aliakbarov"]
[Result "1-0"]
[WhiteElo "2619"]
[BlackElo "2453"]
[TimeControl "180+2"]
[EndTime "14:36:45 PST"]
[Termination "DanielMieles1985 won by resignation"]

1. d4 d5 2. c4 e6 3. Nc3 Bb4 4. cxd5 exd5 5. Nf3 Nf6 6. Bg5 Nbd7 7. Rc1 c5 8. dxc5 Qa5 9. Qd4 Bxc5 10.
Qd2 Bb4 11. a3 Bxc3 12. Qxc3 Qxc3+ 13. Rxc3 Ne4 14. Rd3 Nxg5 15. Nxg5 Nf6 16. e3 Bd7 17. Rc3 Rc8 18. Rxc8+ Bxc8 19. Bb5+ Ke7 20. Ke2 Bd7 21. Bxd7 Nxd7 22. Rc1 h6 23. Nh3 Kd6 24. Nf4 Nb6 25. Kd3 Nc4 26. Rc2 Rc8 27. Kd4 Rc5 28.
e4 b6 29. Nxd5 Nxa3 30. e5+ Kc6 31. bxa3 1-0

[Event "*** Titled Tuesday Blitz"]
[Site "Chess.com"]
[Date "2019.02.05"]
[Round "7"]
[White "jsdbv18"]
[Black "DoHoChess"]
[Result "0-1"]
[WhiteElo "2482"]
[BlackElo "2612"]
[TimeControl "180+2"]
[EndTime "14:36:48 PST"]
[Termination "DoHoChess won by resignation"]

1. e4 e5 2. Nf3 Nc6 3. Bc4 Bc5 4. c3 Nf6 5. d3 a6 6. Bb3 Ba7 7. Nbd2 d6 8. Nf1 Be6 9. Ng3 O-O 10. O-O Bxb3 11.
Qxb3 Qd7 12. Bg5 Ne8 13. Nf5 h6 14. Be3 Nf6 15. h3 Ne7 16. Nxe7+ Qxe7 17. Nh4 b5 18. Nf5 Qe6 19. Qd1 Rfd8 20. a4 Bxe3 21. fxe3 d5 22. exd5 Nxd5 23. Qf3 Kh7 24. axb5 axb5 25. Rxa8 Rxa8 26.
c4 bxc4 27. dxc4 Nb6 28. c5 Nd5 29. e4 Nf4 30. Qc3 Ne2+ 0-1

[Event "*** Titled Tuesday Blitz"]
[Site "Chess.com"]
[Date "2019.02.05"]
[Round "7"]
[White "Satscho"]
[Black "scaryninja"]
[Result "1-0"]
[WhiteElo "2306"]
[BlackElo "2409"]
[TimeControl "180+2"]
[EndTime "14:37:06 PST"]
[Termination "Satscho won by resignation"]

1. e4 c5 2. Nf3 d6 3. d4 cxd4 4. Qxd4 Nc6 5. Bb5 Bd7 6. Bxc6 Bxc6 7. Nc3 e5 8. Qd3 Nf6 9. Bg5 Be7 10. Bxf6 Bxf6 11.
O-O-O Be7 12. Nd2 O-O 13. Nc4 Rc8 14. Nxd6 Bxd6 15. Qxd6 Qg5+ 16. Qd2 Qxg2 17. Rhg1 Qxh2 18. Rg3 g6 19. Qe3 Rfd8 20. Rxd8+ Rxd8 21. b3 Qh1+ 22. Kb2 a5 23. Rh3 Qf1 24. Qh6 Qxf2 25. Qxh7+ Kf8 26.
Qh8+ Ke7 27. Qxe5+ Kd7 28. Qxa5 Rc8 29. Rd3+ Ke8 30.
Qe5+ Kf8 31. Qh8+ 1-0

[Event "*** Titled Tuesday Blitz"]
[Site "Chess.com"]
[Date "2019.02.05"]
[Round "7"]
[White "mousavian_hamed"]
[Black "StanislavNovikov"]
[Result "0-1"]
[WhiteElo "2535"]
[BlackElo "2680"]
[TimeControl "180+2"]
[EndTime "14:37:23 PST"]
[Termination "StanislavNovikov won by resignation"]

1. e4 g6 2. d4 Bg7 3. Nc3 c6 4. Bc4 b5 5. Bb3 a5 6. a3 Ba6 7. Qf3 e6 8. e5 d5 9. exd6 Qxd6 10. Nge2 Nf6 11. Bf4 Qd8 12. Be5 O-O 13. h4 Nbd7 14.
h5 b4 15. hxg6 hxg6 16. Ne4 Bxe2 17. Qxe2 Nxe5 18. dxe5 Nxe4 19. Qxe4 a4 20. Bc4 bxa3 21. Rxa3 Qa5+ 22. Kf1 Qxe5 23. Qh4 Rfd8 24. Rd3 Rxd3 25. cxd3 Qxb2 26. g3 a3 27. Kg2 a2 28. Bxe6 fxe6 29.
Qe7 Qf6 0-1